 Dungeon Crawl Stone Soup version 0.30.0-29-ga12c61a403 (webtiles) character file.

Game seed: 871979124590684554

816 qw the Chopper (level 7, -7/44 HPs)
             Began as a Gargoyle Fighter on June 3, 2023.
             Was an Initiate of Okawaru.
             Mangled by a two-headed ogre
             ... wielding a +0 giant spiked club
              (26 damage)
             ... on level 6 of the Dungeon.
             The game lasted 00:03:17 (4915 turns).

qw the Chopper (Gargoyle Fighter)                   Turns: 4915, Time: 00:03:17

Health: -7/44      AC: 18    Str: 21    XL:     7   Next: 94%
Magic:  7/7        EV:  8    Int:  9    God:    Okawaru [......]
Gold:   159        SH:  9    Dex:  9    Spells: 6/6 levels left

rFire   . . .        Y - +1 war axe
rCold   . . .        c - +0 buckler
rNeg    + . .        r - +0 chain mail
rPois   inf          l - +0 helmet
rElec   +            p - +0 cloak
rCorr   .            (no gloves)
SInv    .            (no boots)
Will    +....        m - amulet of reflection Stlth
                     b - +4 ring of slaying {mikee}
HPRegen 0.27/turn    o - ring of willpower
MPRegen 0.10/turn

%: reflection
@: no status effects
A: sickness immunity, AC +4, negative energy resistance 1, electricity
resistance, torment resistance 1, petrification resistance, iridescent scales 1,
MP-powered wands
a: Renounce Religion


You were on level 6 of the Dungeon.
You worshipped Okawaru.
Okawaru was noncommittal.
You visited 2 branches of the dungeon, and saw 7 of its levels.

You collected 258 gold pieces.
You spent 99 gold pieces at shops.


Innate Abilities, Weirdness & Mutations

You are immune to sickness and miasma.
Your stone body is resilient. (AC +4)
You are immune to poison.
You resist negative energy. (rN+)
You are resistant to electric shocks. (rElec)
You are resistant to unholy torment.
You are immune to petrification.
You are partially covered in iridescent scales. (AC +2)
You expend magic power (3 MP) to strengthen your wands.


   Skills:
 + Level 4.9 Fighting
 - Level 7.2 Axes
 - Level 3.2 Armour
 - Level 1.1 Dodging
 - Level 3.2 Shields


You had 6 spell levels left.
You didn't know any spells.
Your spell library was empty.

Inventory:

Hand Weapons
 f - a +0 flail
 Y - a +1 war axe (weapon)
Missiles
 t - 2 boomerangs (quivered)
Armour
 c - a +0 buckler (worn)
 j - a +0 pair of gloves
 l - a +0 helmet (worn)
 p - a +0 cloak (worn)
 r - a +0 chain mail (worn)
Jewellery
 b - a +4 ring of slaying (left hand) {mikee}
 m - an amulet of reflection (around neck)
 o - a ring of willpower (right hand)
Scrolls
 h - a scroll of identify
 k - 2 scrolls of teleportation
Potions
 a - 3 potions of curing
 d - a potion of might
 e - 2 potions of mutation
 g - a potion of resistance
 i - a potion of heal wounds
 n - a potion of cancellation
 s - a potion of invisibility {unknown}
 u - a potion of lignification {unknown}

Dungeon Overview and Level Annotations

Branches:
Dungeon (6/15)             Temple (1/1) D:5

Altars:
Ashenzari
Cheibriados
Dithmenos
Fedhas
Gozag
Hepliaklqana
Kikubaaqudgha
Makhleb
Nemelex Xobeh
Okawaru
Qazlal
Ru
Sif Muna
Trog
Uskayaw
Xom
Yredelemnul
Zin
The Shining One

Shops:
D:3 *


Message History

(D) Dungeon (T) Temple
Where to? (* - list waypoints, Enter - Temple @ (x,y), ? - help)
What level of the Dungeon? (default 5, ? - help) Press < or > to pray at altars.
There is a staircase back to the Dungeon here.
You climb upwards.
Welcome back to the Dungeon!
There is a staircase to the Ecumenical Temple here.
You see here a +0 glaive.
You see here an amulet of magic regeneration.
There is a stone staircase leading down here.
You climb downwards.
Found a stone staircase leading down.
There is a stone staircase leading up here.
Waypoint 6 assigned to D:6.
There is a stone staircase leading down here.
j - a +0 pair of gloves A two-headed ogre comes into view.
It is wielding a +0 giant spiked club and a +0 giant club.
The two-headed ogre shouts in stereo!
You throw a silver javelin.
The silver javelin pierces through the two-headed ogre!
The two-headed ogre is moderately wounded.
You throw a silver javelin.
The silver javelin pierces through the two-headed ogre!
The two-headed ogre is heavily wounded.
You throw a silver javelin.
The silver javelin pierces through the two-headed ogre!
The two-headed ogre is severely wounded.
You slash the two-headed ogre!
The two-headed ogre is almost dead.
You block the two-headed ogre's attack.
The two-headed ogre hits you with a +0 giant club!
You closely miss the two-headed ogre.
The two-headed ogre is almost dead.
The two-headed ogre barely misses you.
The two-headed ogre hits you with a +0 giant club!
You hit the two-headed ogre but do no damage.
The two-headed ogre is almost dead.
The two-headed ogre hits you with a +0 giant spiked club!!
Ouch! That really hurt!
You die...

#.>..#
#....#
#....#
#....#
#....#
##.###
#.#
#.#
#@#
#O#
#.#
#.#
#.#
#.#
#.#
#(#


You could see a two-headed ogre.

Vanquished Creatures
  A water moccasin (D:5)
  A centaur (D:5)
  Blork the orc (D:5)
  A hound (D:5)
  3 orc priests
  A gnoll bouda (D:4)
  Jessica (D:2)
  3 iguanas
  A sleepcap (D:5)
  2 orc wizards
  7 gnolls
  8 adders
  2 worms (D:2)
  A dart slug (D:1)
  11 orcs
  10 ball pythons
  7 endoplasms
  7 giant cockroaches
  6 hobgoblins
  7 jackals
  10 kobolds
  4 quokkas
  5 bats
  6 frilled lizards
  2 goblins
  6 rats
114 creatures vanquished.

Vanquished Creatures (others)
  A goblin (D:1)
1 creature vanquished.

Grand Total: 115 creatures vanquished

Notes
Turn   | Place    | Note
-------+----------+-------------------------------------------
     0 | D:1      | qw the Gargoyle Fighter began the quest for the Orb.
     0 | D:1      | Reached XP level 1. HP: 14/14 MP: 1/1
     0 | D:1      | 0 ||| qw: Version: 0.2-a-103-g5a998e5
     0 | D:1      | 0 ||| qw: Game counter: 995
     0 | D:1      | 0 ||| qw: Always use a shield: true
     0 | D:1      | 0 ||| qw: God list: Okawaru
     0 | D:1      | 0 ||| qw: Allow faded altars: false
     0 | D:1      | 0 ||| qw: Do Orc after D:15 true
     0 | D:1      | 0 ||| qw: Do second Lair branch before Depths: true
     0 | D:1      | 0 ||| qw: Lair rune preference: random
     0 | D:1      | 0 ||| qw: Plans: Normal, Zot:1-4, Slime:5, God:TSO, Crypt,
                  | Tomb, Pan, Hells, Abyss, Win
     0 | D:1      | 0 ||| PLANNING D:1-11
    45 | D:1      | Reached skill level 2 in Axes
   194 | D:1      | 194 ||| Stepping ~*~*~tactically~*~*~ (hiding).
   200 | D:1      | Reached XP level 2. HP: 19/19 MP: 2/2
   357 | D:1      | 357 ||| FLEEEEING.
   575 | D:1      | Reached skill level 3 in Axes
   590 | D:1      | Found a faded altar of an unknown god.
   615 | D:1      | Reached XP level 3. HP: 21/23 MP: 3/3
   633 | D:1      | 633 ||| Stepping ~*~*~tactically~*~*~ (hiding).
   634 | D:1      | 634 ||| Stepping ~*~*~tactically~*~*~ (hiding).
   831 | D:1      | 831 ||| Stepping ~*~*~tactically~*~*~ (hiding).
   940 | D:1      | 940 ||| READING scroll labelled ZEIZUT RYWK.
   941 | D:1      | 941 ||| READING scroll labelled UNALLI NAXAE.
   946 | D:1      | 946 ||| READING 3 scrolls labelled ZENUCI UPPUHUE.
   947 | D:1      | 947 ||| READING scroll labelled ONAMIZ GIPIUSH.
   948 | D:1      | 948 ||| DRINKING 2 lumpy brown potions.
   949 | D:1      | 949 ||| DRINKING 2 silvery potions.
   952 | D:1      | 952 ||| DRINKING 2 smoky silvery potions.
   953 | D:1      | 953 ||| DROPPING potion of ambrosia.
   954 | D:1      | 954 ||| DROPPING potion of brilliance.
   955 | D:1      | 955 ||| DROPPING 2 scrolls of vulnerability.
  1098 | D:2      | Noticed Jessica
  1101 | D:2      | Killed Jessica
  1102 | D:2      | Reached XP level 4. HP: 23/28 MP: 4/4
  1212 | D:2      | Reached skill level 4 in Axes
  1286 | D:2      | 1286 ||| Stepping ~*~*~tactically~*~*~ (stealth).
  1288 | D:2      | 1288 ||| Stepping ~*~*~tactically~*~*~ (stealth).
  1342 | D:2      | 1342 ||| Stepping ~*~*~tactically~*~*~ (stealth).
  1343 | D:2      | 1343 ||| Stepping ~*~*~tactically~*~*~ (stealth).
  1347 | D:2      | 1347 ||| Stepping ~*~*~tactically~*~*~ (stealth).
  1348 | D:2      | 1348 ||| Stepping ~*~*~tactically~*~*~ (stealth).
  1426 | D:2      | 1426 ||| Stepping ~*~*~tactically~*~*~ (stealth).
  1451 | D:2      | Reached XP level 5. HP: 18/32 MP: 5/5
  1836 | D:2      | 1836 ||| UPGRADING to +1 hat.
  1841 | D:2      | 1841 ||| READING scroll labelled KESKU ZAZUKH.
  1842 | D:2      | 1842 ||| DRINKING 2 yellow potions.
  1842 | D:2      | Gained mutation: You are partially covered in iridescent
                  | scales. (AC +2) [potion of mutation]
  1842 | D:2      | Gained mutation: You expend magic power (3 MP) to
                  | strengthen your wands. [potion of mutation]
  1843 | D:2      | 1843 ||| DRINKING 2 puce potions.
  1844 | D:2      | 1844 ||| READING 5 scrolls of identify.
  1844 | D:2      | 1844 ||| IDENTIFYING coppery potion
  1845 | D:2      | 1845 ||| READING 4 scrolls of identify.
  1845 | D:2      | 1845 ||| IDENTIFYING fizzy clear potion
  1846 | D:2      | 1846 ||| READING 3 scrolls of identify.
  1846 | D:2      | 1846 ||| IDENTIFYING cyan potion
  1847 | D:2      | 1847 ||| READING 2 scrolls of identify.
  1847 | D:2      | 1847 ||| IDENTIFYING viscous black potion
  1848 | D:2      | 1848 ||| DROPPING potion of berserk rage.
  1849 | D:2      | 1849 ||| DROPPING potion of degeneration.
  1922 | D:3      | Found a shadowy altar of Dithmenos.
  2050 | D:3      | Identified the staff of air "Gitteale" {rElec rPois}
  2100 | D:3      | Found an ancient bone altar of Kikubaaqudgha.
  2169 | D:3      | Found Zinteul's Assorted Antiques.
  2185 | D:3      | 2185 ||| BUYING chain mail (99 gold).
  2185 | D:3      | Bought a chain mail for 99 gold pieces
  2185 | D:3      | 2185 ||| SHOPLISTING distressingly furry plate armour (616
                  | gold, have 10).
  2185 | D:3      | 2185 ||| SHOPLISTING potion of curing (66 gold, have 10).
  2185 | D:3      | 2185 ||| SHOPLISTING potion of heal wounds (110 gold, have
                  | 10).
  2224 | D:3      | Found an opulent altar of Gozag.
  2224 | D:3      | Found a glowing silver altar of Zin.
  2412 | D:3      | Reached skill level 5 in Axes
  2439 | D:3      | Found a blossoming altar of Fedhas.
  2488 | D:3      | 2488 ||| Stepping ~*~*~tactically~*~*~ (stealth).
  2572 | D:3      | 2572 ||| UPGRADING to +0 helmet.
  2582 | D:3      | 2582 ||| DROPPING +1 hat.
  2583 | D:3      | 2583 ||| UPGRADING to +0 cloak.
  2588 | D:3      | 2588 ||| UPGRADING to +0 chain mail.
  2598 | D:3      | 2598 ||| DROPPING +0 scale mail.
  2599 | D:3      | 2599 ||| READING scroll labelled KYNLUU IGIOG.
  2600 | D:3      | 2600 ||| READING scroll labelled YNNON JILLASU.
  2601 | D:3      | 2601 ||| READING scroll labelled FOUTTEOTEO.
  2702 | D:3      | 2702 ||| READING scroll labelled RAAW TELUO.
  2873 | D:4      | Reached XP level 6. HP: 29/39 MP: 6/6
  3020 | D:4      | 3020 ||| Stepping ~*~*~tactically~*~*~ (hiding).
  3029 | D:4      | 3029 ||| FLEEEEING.
  3030 | D:4      | 3030 ||| FLEEEEING.
  3031 | D:4      | 3031 ||| FLEEEEING.
  3040 | D:4      | HP: 9/39 [gnoll bouda/+0 club (5)]
  3041 | D:4      | 3041 ||| READING 3 scrolls of teleportation.
  3041 | D:4      | HP: 1/39 [gnoll bouda/+0 club (8)]
  3042 | D:4      | 3042 ||| DRINKING potion of heal wounds.
  3143 | D:4      | 3143 ||| FLEEEEING.
  3144 | D:4      | 3144 ||| STAIRDANCE
  3146 | D:4      | 3146 ||| STAIRDANCE
  3158 | D:3      | 3158 ||| UPGRADING to amulet of reflection.
  3163 | D:3      | 3163 ||| UPGRADING to +4 ring of slaying {mikee}.
  3164 | D:3      | 3164 ||| UPGRADING to ring of willpower.
  3165 | D:3      | 3165 ||| READING 2 scrolls of identify.
  3165 | D:3      | 3165 ||| IDENTIFYING glowing coppery potion
  3166 | D:3      | 3166 ||| DROPPING potion of magic.
  3174 | D:4      | 3174 ||| DROPPING +0 whip.
  3631 | D:4      | Found a burning altar of Makhleb.
  3823 | D:4      | 3823 ||| READING scroll labelled OTWEIT TAFUCAMM.
  3824 | D:4      | 3824 ||| READING scroll labelled IPSAUP SOGA.
  3845 | D:5      | Entered Level 5 of the Dungeon
  3858 | D:5      | 3858 ||| Stepping ~*~*~tactically~*~*~ (stealth).
  3859 | D:5      | 3859 ||| Stepping ~*~*~tactically~*~*~ (stealth).
  3860 | D:5      | 3860 ||| Stepping ~*~*~tactically~*~*~ (stealth).
  3893 | D:5      | Reached skill level 6 in Axes
  3936 | D:5      | Noticed Blork the orc
  3937 | D:5      | 3937 ||| Stepping ~*~*~tactically~*~*~ (hiding).
  3938 | D:5      | 3938 ||| Stepping ~*~*~tactically~*~*~ (hiding).
  3945 | D:5      | Killed Blork the orc
  3946 | D:5      | Reached XP level 7. HP: 37/44 MP: 7/7
  4008 | D:5      | 4008 ||| Stepping ~*~*~tactically~*~*~ (stealth).
  4035 | D:5      | Found a staircase to the Ecumenical Temple.
  4036 | D:5      | 4036 ||| PLANNING TEMPLE
  4059 | D:5      | Found a sacrificial altar of Ru.
  4062 | D:5      | Found a basalt altar of Yredelemnul.
  4102 | D:5      | 4102 ||| DROPPING amulet of magic regeneration.
  4115 | D:5      | 4115 ||| Stepping ~*~*~tactically~*~*~ (hiding).
  4174 | D:5      | 4174 ||| Stepping ~*~*~tactically~*~*~ (hiding).
  4176 | D:5      | 4176 ||| Stepping ~*~*~tactically~*~*~ (hiding).
  4209 | D:5      | 4209 ||| Stepping ~*~*~tactically~*~*~ (hiding).
  4217 | D:5      | Reached skill level 1 in Dodging
  4237 | D:5      | 4237 ||| Stepping ~*~*~tactically~*~*~ (stealth).
  4244 | D:5      | Reached skill level 7 in Axes
  4327 | D:5      | 4327 ||| Stepping ~*~*~tactically~*~*~ (stealth).
  4364 | D:5      | 4364 ||| Stepping ~*~*~tactically~*~*~ (stealth).
  4365 | D:5      | 4365 ||| Stepping ~*~*~tactically~*~*~ (stealth).
  4367 | D:5      | 4367 ||| Stepping ~*~*~tactically~*~*~ (hiding).
  4517 | D:5      | 4517 ||| Stepping ~*~*~tactically~*~*~ (stealth).
  4571 | D:5      | 4571 ||| READING scroll labelled WOVVIM OXUOSIUKIDE.
  4778 | Temple   | Entered the Ecumenical Temple
  4792 | Temple   | 4792 ||| PLANNING OKAWARU WORSHIP
  4829 | Temple   | Became a worshipper of Warmaster Okawaru
  4829 | Temple   | 4829 ||| PLANNING D:1-11
  4908 | D:6      | Noticed a two-headed ogre
  4915 | D:6      | Mangled by a two-headed ogre

Levels and vault maps discovered:
D:1:      erik_arrival_orb_chamber, layout_loops_ring,
          hellmonk_ecumenical_altar_defaced_shrine, lemuel_flame_loot_1
D:2:      layout_loops_ring, nicolae_half_adder, uniq_jessica
D:3:      layout_basic, grunt_temple_overflow_gold_and_silver, fedhas_altar_2,
          mainiacjoe_overflow_six_doors_small,
          grunt_dithmenos_smoke_and_mirrors, serial_shops, shop,
          minmay_strange_pillars
D:4:      layout_rooms, lemuel_coloured_pillars_altar, serial_co_window_serial,
          co_window_paths_b, co_window_corner_a, co_window_paths_a,
          co_window_cross_1, co_window_paths_a, co_window_corner_a,
          co_window_corner_a, co_window_cross_3, co_window_of_opportunity_c,
          co_window_unsneaky_path_b, co_window_4corner_b, kennysheep_minor_cross
D:5:      layout_cave_pools, nicolae_overflow_hidden_temple,
          minmay_temple_entry_statues, uniq_blork_the_orc
D:6:      layout_rooms, lemuel_tele_altar, uniq_prince_ribbit1
Temple:   hellmonk_temple_of_storms

Skill      XL: |  1  2  3  4  5  6  7 |
---------------+----------------------+-----
Axes           | 2 3 4 5 6 7 |  7.2
Fighting       | 4 |  4.9
Dodging        | 1 |  1.1
Armour         | |  3.2
Shields        | |  3.2

Action                     |  1- 3 |  4- 6 |  7- 9 || total
---------------------------+-------+-------+-------++-------
  Melee: War axe           |    75 |   215 |    56 ||   346
  Throw: Boomerang         |       |    20 |    11 ||    31
         Javelin           |       |       |     4 ||     4
    Use: Scroll            |     4 |    13 |     1 ||    18
         Potion            |     3 |     3 |       ||     6
 Armour: Scale mail        |    23 |    70 |       ||    93
         Chain mail        |       |    59 |    23 ||    82
  Dodge: Dodged            |    24 |    98 |    16 ||   138
  Block: Buckler           |    11 |    49 |    30 ||    90
         Reflection        |       |       |     1 ||     1

Table legend:
 A = Non-vault XP
 B = Vault XP
 C = Vault XP percentage of total XP
 D = Non-vault monster count
 E = Vault monster count
 F = Vault count percentage of total count
                 A         B        C        D         E       F
            +---------+---------+-------+---------+---------+-------
      Total |     993 |     174 |  14.9 |     104 |      10 |   8.8
            +---------+---------+-------+---------+---------+-------
        D:1 |      40 |       7 |  14.9 |      23 |       5 |  17.9
        D:2 |      58 |      77 |  57.0 |      24 |       4 |  14.3
        D:3 |      67 |       0 |   0.0 |      13 |       0 |   0.0
        D:4 |     234 |       0 |   0.0 |      17 |       0 |   0.0
        D:5 |     594 |      90 |  13.2 |      27 |       1 |   3.6
            +---------+---------+-------+---------+---------+-------
